Map: Nightscape LE

Players

Massa

  • Race: Terran Terran
  • League: Platinum
  • Spawn Location: 1:00

qqq

  • Race: Zerg Zerg
  • Spawn Location: 1:00

Blazer - Winner!

  • Race: Zerg Zerg
  • Spawn Location: 7:00

Bulfango - Winner!

  • Race: Protoss Protoss
  • Spawn Location: 7:00

VOD

Have the link to the VOD?

Description

Time

  • Played on: Oct. 5, 2020, 3:47 p.m.
  • Length: 16:43
Show
View Real Time Build Order
Export as new Build Order

Massa Terran 

Build Orders:  

Get SALT Encoding   

  12  0:01  SCV  
  13  0:13  SCV  
  14  0:22  Supply Depot  
  14  0:25  SCV  
  15  0:44  SCV  
  15  0:45  Barracks  
  15  0:48  Refinery  
  16  0:56  SCV  
  17  1:08  SCV  
  18  1:20  SCV  
  19  1:32  SCV  
  20  1:43  Reaper  
  20  1:45  Orbital Command  
  21  1:50  Command Center  
  21  2:00  Supply Depot  
  21  2:12  SCV  
  21  2:15  Marine  
  22  2:17  Factory  
  23  2:29  Supply Depot  
  23  2:30  SCV  
  24  2:42  SCV  
  25  2:49  Barracks Reactor  
  25  2:52  Bunker  
  25  2:55  SCV  
  26  2:59  Command Center  
  26  3:05  Orbital Command  
  26  3:07  SCV  
  27  3:15  Supply Depot  
  27  3:26  Supply Depot  
  27  3:38  Hellion  
  27  3:39  Hellion  
  31  3:41  Marine  
  32  3:50  Supply Depot  
  32  3:54  Supply Depot  
  32  3:59  SCV x2, Marine  
  32  4:00  Hellion  
  37  4:05  Hellion  
  39  4:11  SCV x2  
  39  4:16  Orbital Command  
  41  4:21  Hellion  
  41  4:23  SCV x2  
  45  4:26  Starport  
  45  4:44  Engineering Bay  
  45  4:54  SCV x3  
  45  4:58  Refinery  
  48  5:06  SCV x3  
  49  5:31  Barracks Tech Lab  
  46  5:47  Starport Tech Lab  
  46  5:51  Widow Mine x2  
  46  5:52  Marauder  
  52  5:58  Barracks  
  52  5:59  Barracks x3  
  52  6:02  SCV  
  52  6:03  SCV x2  
  55  6:10  Missile Turret  
  55  6:12  Terran Infantry Weapons Level 1  
  55  6:14  Marauder  
  55  6:15  SCV x3  
  60  6:24  Barracks  
  60  6:25  Factory Tech Lab  
  60  6:27  Stimpack  
  60  6:32  Missile Turret  
  60  6:36  Refinery  
  60  6:40  Missile Turret  
  60  6:41  Missile Turret  
  60  6:47  Missile Turret  
  60  6:50  Barracks Reactor x2  
  60  6:51  Barracks Tech Lab  
  60  6:52  Marauder, Missile Turret  
  62  6:58  Siege Tank  
  63  7:12  Refinery  
  63  7:13  Marauder  
  65  7:20  Banshee  
  68  7:24  Marauder, Marine x2  
  72  7:30  Orbital Command  
  72  7:34  Marine  
  73  7:38  Marine x4  
  73  7:41  Marine  
  73  7:42  Marine  
  79  7:45  Marine  
  80  7:52  Marine  
  80  7:56  Marine x4  
  85  7:59  SCV, Marine x2  
  85  8:01  SCV, Armory  
  85  8:02  SCV  
  85  8:03  Marine  
  85  8:04  Armory  
  85  8:05  Engineering Bay  
  91  8:10  Marine  
  91  8:11  Barracks Tech Lab, SCV  
  93  8:13  SCV, Marine  
  93  8:14  SCV, Marine x3  
  93  8:17  Marine x2  
  101  8:20  Combat Shield  
  101  8:23  Concussive Shells  
  101  8:26  SCV x2  
  101  8:30  Supply Depot  
  101  8:31  Supply Depot x2  
  101  8:33  Supply Depot x2  
  101  8:46  Missile Turret  
  101  8:48  Missile Turret  
  101  8:51  SCV x2, Marine x6, Missile Turret  
  101  8:52  SCV, Marine x2  
  112  8:56  Missile Turret  
  112  8:58  Supply Depot  
  112  9:03  SCV x2  
  112  9:04  SCV  
  112  9:09  Marine x6  
  121  9:10  Marine x2  
  121  9:13  Siege Tank  
  121  9:16  SCV x2, Marauder  
  121  9:17  SCV  
  131  9:20  Terran Vehicle Weapons Level 1  
  131  9:27  Marauder x2, Marine x4  
  131  9:28  SCV x2, Marine x2  
  143  9:36  Command Center  
  143  9:37  Marauder  
  145  9:45  Marine x4  
  149  9:46  Refinery  
  149  9:47  Refinery  
  149  9:58  Terran Infantry Armor Level 1, Terran Infantry Weapons Level 2, Supply Depot x2  
  149  10:19  Marine x5, Medivac  
  149  10:20  Marauder x3, Siege Tank  
  165  10:23  Command Center, Supply Depot  
  165  10:25  Supply Depot  
  165  10:31  Factory  
  165  10:37  Cloaking Field  
  165  10:39  Terran Vehicle And Ship Armor Level 1  
  165  10:45  Marauder x2, Marine  
  170  10:50  Supply Depot x2  
  170  10:51  Supply Depot  
  170  10:52  Supply Depot  
  170  10:54  Supply Depot  
  170  11:01  SCV x3  
  173  11:13  SCV x3, Marauder x2, Marine x2, Supply Depot  
  173  11:14  Marauder, Marine x4, Supply Depot  
  173  11:17  Supply Depot  
  173  11:18  Supply Depot  
  188  11:19  Missile Turret  
  188  11:22  Supply Depot  
  188  11:25  SCV x2  
  190  11:31  Marine x3  
  193  11:32  Viking  
  193  11:34  Terran Vehicle Weapons Level 2, Marauder  
  193  11:35  Marauder  
  193  11:38  Supply Depot  
  199  11:40  Missile Turret  
  199  11:41  Smart Servos  
  199  11:42  Supply Depot  
  199  11:43  Supply Depot  
  199  11:44  Factory Tech Lab  
  199  11:46  Supply Depot  
  199  11:48  Orbital Command  
  199  11:51  SCV  
  200  12:01  Missile Turret  
  200  12:05  Supply Depot  
  200  12:22  Missile Turret  
  200  12:35  Refinery  
  200  12:37  Refinery  
  198  13:19  Marauder  
  161  13:20  Marauder x2, Marine x3  
  161  13:25  Siege Tank x2  
  116  13:29  Marine  
  116  13:30  Marine x2  
  96  13:37  Marine  
  96  13:38  Marine x2  
  96  13:39  Planetary Fortress  
  96  13:41  Marauder x3  
  101  13:47  Marine x3  
  108  13:49  Missile Turret  
  108  13:51  Command Center  
  108  13:55  Marine  
  108  13:56  Marine x2  
  108  13:57  Siege Tank x2  
  108  14:02  Marauder  
  119  14:03  Marauder x2  
  119  14:05  Marine x3  
  119  14:09  Missile Turret  
  119  14:13  Marine  
  119  14:14  Marine x2  
  104  14:23  Marauder, Marine x3  
  111  14:24  Marauder x2  
  111  14:30  Missile Turret  
  111  14:31  Marine  
  102  14:32  Marine x2  
  99  14:40  Marine  
  99  14:41  Marine x2  
  99  14:45  Marauder x3  
  87  14:49  Marine x3  
  87  14:50  Thor x2  
  87  14:51  Missile Turret  
  94  14:58  Marine  
  94  14:59  Marine  
  88  15:03  Planetary Fortress  
  88  15:06  Marauder  
  94  15:07  Marauder x2  
  94  15:08  SCV  
  94  15:12  Marine x2, Missile Turret  
  94  15:13  Marine x2  
  99  15:16  Marine  
  99  15:17  Marine  
  99  15:20  SCV  
  102  15:27  Marauder  
  108  15:28  Marauder x2  
  108  15:30  Marine x2  
  108  15:31  Marine x2  
  108  15:32  SCV  
  108  15:33  Thor x2  
  108  15:34  Marine x2  
  127  15:44  SCV  
  127  15:48  Marine x4  
  127  15:49  Marauder  
  132  15:50  Marauder x2  
  132  15:52  Marine x2  
  132  15:56  SCV  
  96  16:05  Marine  
  96  16:06  SCV, Marine x3  
  96  16:08  Bunker  
  96  16:10  Marauder  
  107  16:11  Marauder x2  
  111  16:18  SCV  
  111  16:21  Marine  
  111  16:22  Marine  
Show
View Real Time Build Order
Export as new Build Order

qqq Zerg 

Build Orders: Hatch First 

Get SALT Encoding   

  12  0:01  Drone  
  13  0:09  Drone  
  14  0:37  Hatchery  
  14  0:41  Drone  
  14  0:56  Spawning Pool  
  13  1:03  Overlord  
  13  1:07  Drone  
  14  1:12  Extractor  
  14  1:15  Drone  
  14  1:22  Drone  
  15  1:43  Drone, Zergling x2  
  17  1:51  Drone  
  18  1:54  Drone  
  18  1:55  Queen  
  21  2:06  Drone  
  21  2:07  Drone  
  24  2:15  Drone  
  24  2:18  Drone  
  25  2:43  Metabolic Boost  
  24  2:44  Drone  
  24  2:46  Zergling x4  
  24  2:47  Drone  
  24  2:51  Overlord  
  28  2:52  Overlord  
  28  3:09  Queen  
  30  3:14  Drone  
  30  3:15  Zergling x2  
  30  3:17  Drone  
  34  3:20  Drone  
  34  3:27  Baneling Nest  
  34  3:28  Drone  
  34  3:31  Zergling x2  
  34  3:32  Hatchery  
  34  3:36  Overlord  
  34  3:39  Drone  
  35  3:41  Drone  
  35  3:47  Overlord  
  36  3:51  Overlord  
  36  3:56  Overlord  
  36  4:02  Zergling x4  
  38  4:03  Drone  
  38  4:04  Drone  
  38  4:06  Drone  
  41  4:11  Baneling x4  
  41  4:12  Baneling x2  
  41  4:15  Zergling x2  
  42  4:28  Zergling x2  
  42  4:29  Zergling x4  
  42  4:30  Drone  
  46  4:32  Lair  
  46  4:33  Drone x2  
  46  4:34  Drone  
  49  4:42  Spore Crawler  
  41  4:47  Drone x2  
  41  4:51  Spore Crawler  
  42  4:54  Drone  
  43  5:04  Zergling x2  
  43  5:06  Zergling x8  
  43  5:07  Zergling x4  
  50  5:21  Drone  
  50  5:22  Zergling x4  
  52  5:30  Baneling  
  52  5:31  Baneling  
  52  5:34  Zergling x2  
  52  5:35  Drone, Zergling x4  
  55  5:36  Drone  
  54  5:43  Zergling x4  
  54  5:44  Zergling x2  
  43  6:11  Drone x3  
  44  6:13  Extractor, Spire  
  44  6:15  Extractor  
  44  6:16  Extractor, Drone  
  44  6:17  Drone x2  
  44  6:18  Drone  
  44  6:19  Drone x2, Queen  
  49  6:35  Spore Crawler  
  48  6:48  Drone x3  
  48  6:50  Drone x5  
  48  6:53  Zergling x2  
  57  6:56  Drone  
  57  6:57  Drone x2  
  60  7:07  Drone x3  
  60  7:08  Zergling x2  
  64  7:12  Drone  
  64  7:13  Zergling x4  
  67  7:25  Mutalisk x3  
  67  7:27  Overlord  
  67  7:28  Zerg Flyer Weapons Level 1  
  73  7:37  Overlord x3  
  73  7:38  Overlord  
  73  7:48  Zergling x2  
  74  7:56  Mutalisk x5  
  84  7:59  Drone x5  
  84  8:00  Drone  
  84  8:02  Extractor  
  84  8:03  Extractor  
  84  8:04  Spore Crawler  
  87  8:06  Mutalisk  
  89  8:17  Drone  
  89  8:18  Mutalisk, Spore Crawler  
  91  8:33  Mutalisk x2  
  95  8:41  Roach Warren  
  94  8:42  Zergling x2  
  94  8:43  Zergling x10  
  94  8:44  Drone x4  
  104  8:49  Drone  
  105  9:03  Hatchery  
  105  9:05  Mutalisk  
  105  9:06  Hydralisk Den, Overlord  
  105  9:07  Overlord x5  
  105  9:24  Overlord x2  
  105  9:27  Zerg Flyer Armor Level 1  
  105  9:31  Infestation Pit  
  105  9:32  Drone x4  
  105  9:33  Drone x2, Mutalisk x3  
  105  9:34  Mutalisk  
  105  9:35  Hydralisk  
  118  9:58  Drone x4  
  122  10:00  Hydralisk x4  
  122  10:01  Hydralisk x3  
  136  10:10  Drone  
  137  10:17  Hatchery, Spore Crawler  
  135  10:26  Hive  
  135  10:27  Muscular Augments  
  131  11:02  Mutalisk x4  
  137  11:11  Mutalisk x2, Corruptor  
  135  11:12  Corruptor x2  
  135  11:15  Hydralisk  
  135  11:17  Zergling x8  
  135  11:18  Zergling x8  
  155  11:26  Evolution Chamber  
  155  11:27  Zerg Flyer Weapons Level 2  
  155  11:29  Evolution Chamber  
  155  11:32  Drone  
  154  11:33  Queen  
  154  11:38  Grooved Spines  
  156  11:46  Corruptor x3  
  158  11:49  Drone, Zergling x4  
  165  11:58  Hatchery  
  164  12:17  Hatchery  
  163  12:32  Hydralisk x3  
  163  12:33  Roach x2  
  163  12:35  Overlord x5  
  163  12:36  Overlord x4  
  153  13:04  Mutalisk x4  
  153  13:05  Mutalisk  
  115  13:38  Mutalisk x5  
  115  13:39  Mutalisk x2  
  115  13:40  Hydralisk x5  
  133  13:42  Drone x3  
  136  13:55  Drone  
  135  13:58  Roach x4  
  113  14:11  Roach x4  
  113  14:12  Roach x4  
  113  14:14  Mutalisk x2  
  113  14:16  Roach x2  
  91  14:43  Roach x4  
  91  14:44  Roach x2  
  93  14:55  Roach x5  
  93  14:56  Roach  
  93  14:58  Roach  
  93  14:59  Roach x7  
  111  15:00  Roach  
  111  15:12  Roach x2  
  111  15:13  Roach x2  
  113  15:20  Roach x2  
  113  15:21  Roach  
  117  15:22  Drone x2  
  72  15:59  Roach x5  
  72  16:00  Roach x4  
  72  16:01  Roach x3  
  86  16:10  Ultralisk Cavern  
  79  16:15  Zergling x6  
  79  16:16  Drone  
Show
View Real Time Build Order
Export as new Build Order

Blazer Zerg - Winner!

Build Orders: Pool First, Roach Hydra 

Get SALT Encoding   

  12  0:07  Overlord  
  12  0:13  Drone  
  13  0:18  Drone  
  14  0:26  Drone  
  15  0:30  Drone  
  16  0:40  Drone  
  17  0:48  Spawning Pool  
  16  0:51  Drone  
  17  1:02  Drone  
  18  1:17  Hatchery  
  17  1:20  Drone  
  17  1:24  Extractor, Drone  
  18  1:34  Drone  
  18  1:37  Queen  
  21  1:45  Overlord  
  21  2:05  Zergling x2  
  22  2:11  Zergling x2  
  23  2:28  Zergling x4  
  25  2:50  Drone x4, Queen  
  31  3:34  Drone x5  
  36  3:35  Overlord x4  
  36  3:38  Metabolic Boost  
  36  3:48  Roach Warren, Lair  
  36  3:51  Zergling x2  
  36  4:13  Drone  
  36  4:14  Drone x5  
  42  4:18  Drone x2  
  42  4:19  Drone x2  
  42  4:21  Extractor  
  45  4:27  Evolution Chamber  
  45  4:52  Drone  
  45  4:53  Drone x2  
  45  4:55  Drone x2  
  45  4:57  Extractor  
  48  5:00  Roach x3  
  48  5:01  Roach x4  
  51  6:07  Roach x2  
  51  6:08  Overlord, Roach x6  
  67  6:14  Extractor  
  67  6:15  Zerg Missile Weapons Level 1  
  66  6:20  Glial Reconstitution  
  66  6:27  Evolution Chamber  
  65  6:36  Roach x4  
  73  6:57  Overlord x4  
  73  6:58  Overlord x2  
  73  7:10  Overlord x2, Roach  
  73  7:11  Overlord  
  75  7:18  Zerg Ground Armor Level 1  
  75  7:27  Roach  
  75  7:28  Roach x5  
  87  7:47  Roach  
  87  7:48  Roach x3  
  95  8:03  Queen  
  95  8:04  Hydralisk Den  
  96  8:45  Grooved Spines, Spire  
  96  8:46  Zerg Missile Weapons Level 2  
  95  8:54  Spire  
  94  8:59  Drone  
  94  9:00  Drone x5  
  100  9:04  Overlord x5  
  100  9:05  Overlord x2  
  100  9:37  Hydralisk  
  100  9:38  Hydralisk x10  
  122  9:56  Muscular Augments  
  122  10:01  Hydralisk x2  
  122  10:02  Hydralisk x2  
  130  10:16  Corruptor  
  130  10:17  Corruptor x6  
  144  10:27  Hatchery  
  143  10:35  Extractor  
  142  10:36  Zerg Flyer Weapons Level 1  
  142  10:41  Zerg Flyer Armor Level 1  
  142  10:47  Extractor  
  137  11:12  Corruptor x3  
  143  11:26  Spore Crawler  
  143  11:29  Spore Crawler  
  143  11:31  Spore Crawler  
  140  11:34  Spore Crawler  
  139  11:50  Queen  
  139  11:51  Drone x2  
  143  11:55  Queen  
  145  12:03  Drone  
  146  12:19  Zerg Ground Armor Level 2  
  146  12:25  Queen  
  148  12:30  Zerg Flyer Weapons Level 2  
  148  12:35  Zerg Flyer Armor Level 2  
  58  13:42  Hydralisk  
  58  13:43  Hydralisk x14  
  86  14:16  Queen  
  88  14:18  Queen  
  90  14:51  Queen  
  92  14:53  Queen  
  94  15:01  Hydralisk x4  
  102  15:23  Drone x3  
  102  15:27  Queen  
Show
View Real Time Build Order
Export as new Build Order

Bulfango Protoss - Winner!

Build Orders: 1 Gate Expand, Oracle Opening 

Get SALT Encoding   

  12  0:00  Probe  
  13  0:12  Probe  
  14  0:18  Pylon  
  14  0:24  Probe  
  15  0:36  Probe  
  15  0:39  Gateway  
  16  0:44  Assimilator  
  16  0:48  Probe (Chrono Boost)  
  17  0:58  Probe (Chrono Boost)  
  17  1:03  Probe (Chrono Boost)  
  19  1:15  Probe  
  20  1:29  Cybernetics Core  
  20  1:41  Nexus  
  20  1:49  Assimilator  
  19  1:57  Probe  
  20  2:09  Probe  
  21  2:21  Probe  
  22  2:41  Stargate  
  22  2:48  Warp Gate  
  22  2:50  Probe (Chrono Boost)  
  24  3:00  Probe (Chrono Boost)  
  24  3:03  Robotics Facility  
  24  3:05  Probe (Chrono Boost), Stalker (Chrono Boost)  
  27  3:15  Pylon  
  27  3:21  Probe x2  
  27  3:24  Assimilator  
  27  3:25  Oracle (Chrono Boost)  
  29  3:27  Pylon  
  29  3:33  Probe x2  
  34  3:45  Probe x2  
  36  3:51  Observer, Pylon  
  37  4:01  Probe (Chrono Boost)  
  37  4:02  Probe (Chrono Boost)  
  39  4:04  Assimilator  
  39  4:13  Probe (Chrono Boost)  
  39  4:14  Probe (Chrono Boost)  
  41  4:18  Gateway  
  41  4:21  Gateway  
  41  4:22  Probe x2 (Chrono Boost)  
  41  4:23  Gateway  
  43  4:28  Forge  
  43  4:50  Probe x2  
  45  4:58  Void Ray (Chrono Boost), Stalker  
  47  5:01  Shield Battery  
  47  5:02  Probe  
  47  5:03  Probe  
  53  5:09  Immortal (Chrono Boost)  
  57  5:27  Probe x2  
  59  5:35  Zealot  
  61  5:40  Pylon  
  61  5:42  Pylon  
  61  5:45  Pylon  
  61  5:49  Pylon  
  61  5:52  Pylon  
  61  6:07  Probe  
  61  6:10  Immortal  
  66  6:15  Robotics Bay  
  66  6:30  Stalker x4  
  74  6:33  Protoss Ground Weapons Level 1 (Chrono Boost)  
  74  6:36  Gateway  
  74  6:38  Gateway  
  74  6:40  Gateway  
  74  6:41  Forge  
  74  7:11  Probe  
  74  7:15  Pylon  
  75  7:18  Photon Cannon  
  75  7:28  Probe x2  
  77  7:30  Colossus (Chrono Boost)  
  77  7:34  Zealot x3  
  77  7:35  Stalker x3, Robotics Facility  
  95  7:45  Gateway  
  95  7:47  Gateway  
  95  7:49  Gateway  
  95  7:51  Gateway  
  95  7:53  Gateway  
  95  7:54  Gateway  
  95  8:05  Nexus  
  95  8:06  Extended Thermal Lance (Chrono Boost)  
  95  8:10  Pylon  
  95  8:14  Pylon  
  95  8:17  Protoss Shields Level 1 (Chrono Boost), Assimilator  
  95  8:19  Twilight Council  
  95  8:22  Assimilator  
  95  8:37  Photon Cannon  
  95  8:39  Photon Cannon  
  95  8:41  Pylon  
  95  8:45  Shield Battery  
  95  8:46  Stalker x2  
  95  8:47  Stalker  
  101  8:55  Colossus  
  107  9:25  Stalker x2  
  111  9:33  Templar Archives  
  111  9:44  Stalker x2  
  111  9:45  Stalker x5  
  125  9:58  Protoss Ground Weapons Level 2 (Chrono Boost)  
  125  10:00  Zealot x3  
  125  10:01  Pylon, Zealot  
  133  10:12  Probe x2  
  135  10:14  Probe  
  135  10:17  Charge (Chrono Boost)  
  136  10:31  Colossus  
  142  10:35  Pylon  
  142  10:40  Pylon  
  142  10:57  Pylon  
  142  11:02  Pylon  
  142  11:15  Probe, Pylon  
  142  11:16  Probe x2  
  145  11:20  Photon Cannon, Protoss Shields Level 2 (Chrono Boost)  
  145  11:22  Photon Cannon  
  145  11:26  High Templar x2  
  145  11:27  High Templar x4  
  145  11:28  High Templar  
  145  11:29  High Templar  
  145  11:30  Zealot x2  
  145  11:32  Archon x3  
  165  11:33  Archon  
  165  11:36  Pylon  
  165  11:39  Gravitic Boosters, Pylon  
  165  11:42  Pylon  
  165  11:44  Pylon  
  165  11:46  Pylon  
  165  11:47  Pylon  
  165  11:50  Photon Cannon  
  165  11:55  Immortal (Chrono Boost)  
  165  12:00  High Templar x2  
  173  12:02  Zealot x2  
  173  12:04  Archon  
  177  12:09  Protoss Ground Weapons Level 3  
  177  12:10  Observer (Chrono Boost)  
  178  12:30  Pylon  
  178  12:37  Zealot x6  
  180  12:38  Zealot x2  
  194  12:49  Blink (Chrono Boost)  
  194  12:56  High Templar x2, Zealot  
  200  13:00  Archon  
  161  13:27  Zealot x6  
  139  13:28  Zealot x6  
  157  13:41  Photon Cannon  
  157  13:43  Photon Cannon  
  157  13:44  Stalker  
  159  13:48  High Templar x2  
  159  13:49  Stalker  
  159  13:50  Stalker  
  159  13:51  High Templar x2  
  159  13:52  Archon  
  159  13:55  Archon  
  139  14:23  Colossus  
  131  14:25  Zealot x2  
  131  14:26  Zealot x6  
  111  15:03  High Templar x4  
  111  15:04  High Templar  
  111  15:05  High Templar x3  
  111  15:06  Zealot x5  
  137  15:09  Archon x2  
  137  15:10  Archon x2  
  137  15:14  Colossus  
  143  15:49  Nexus  
  135  15:54  Zealot x4  
  135  15:55  Zealot x6  
  127  16:36  High Templar x2  
  127  16:37  High Templar x3  
  127  16:38  Zealot  
  127  16:39  Zealot x4  
Tags
 
Add a new tag
Caveats
  • Supply blocks, unpowered buildings, or Contaminate may cause inaccurate times.
  • Supply counts are checked every 10 seconds.